Introsp3ctive, chaotic female elven Priestess ------------ |..........| |..........| ...........| |..........| |........).| --|--------- ###### # --------.--- ### |........e..## # |...faa...u| ################### |...@a...... # + ---------|-- # # ############################ Introsp3ctive the Acolyte Experience level: 5 Strength: 14 Dexterity: 15 Constitution: 12 Intelligence: 9 Wisdom: 19 Charisma: 9 Health: 0(32) Energy: 74(81) Def: 3 Gold: 423 Moves: 2854 Dungeon seed: ayQO64_Ys8nA0wPS Game ID: Introsp3ctive_1467522369 Your Inventory: Coins $ - 423 gold pieces Weapons a - a blessed +1 mace (weapon in hand) Armor e - an uncursed +0 robe (being worn) n - an uncursed burnt +0 small shield (being worn) q - an uncursed +0 orcish helm (being worn) Comestibles c - 2 uncursed cloves of garlic d - 2 uncursed sprigs of wolfsbane i - 2 uncursed lichen corpses l - 5 uncursed food rations o - an uncursed tripe ration Scrolls j - 2 uncursed scrolls of teleportation k - 2 uncursed scrolls of light B - 2 uncursed scrolls of blank paper J - a blessed scroll of enchant weapon Spellbooks f - an uncursed spellbook of create monster t - an uncursed spellbook of cause fear u - an uncursed spellbook of cause fear y - an uncursed spellbook of clairvoyance Potions b - 3 potions of holy water m - an uncursed potion of water p - an uncursed potion of oil E - a blessed potion of blindness H - an uncursed potion of gain energy Rings w - an uncursed ring of stealth G - an uncursed ring of cold resistance (on left hand) Wands F - an uncursed wand of polymorph (0:7) Tools h - an uncursed bugle I - an uncursed mirror Spells and supernatural/magical abilities: Name Level Category Fail Memory c - cause fear 3 enchantment 74% 90% v - clairvoyance 3 divination 74% 86% O - create monster 2 clerical 0% 86% W - pray for help -- divine ? -- X - turn undead -- divine ? -- Your skills at the end: Fighting Skills Weapon Skills mace [Skilled] Spellcasting Skills clerical spells [Basic] Final Attributes: You were piously aligned. You were cold resistant. You were sleep resistant. You had infravision. You were lucky. You are dead. Vanquished creatures: a wood nymph a rock piercer 2 yellow lights a shrieker 4 elf zombies a straw golem a paper golem a giant ant a kitten a kobold lord a kobold shaman a rothe a rabid rat an orc zombie an iguana 2 acid blobs a gas spore a hobgoblin 6 cave spiders a green mold a red mold 7 garter snakes a gnome zombie 2 geckos 6 jackals 2 foxes 3 goblins 2 bats 8 lichens 2 newts 64 creatures vanquished. Voluntary challenges: You had been an atheist until turn 2686. You used a wielded weapon 70 times, starting on turn 32. You read items or engraved 9 times, starting on turn 743. You never genocided any monsters. You never polymorphed an object. You never changed form. You used no wishes. You never split a pudding. You never wrote Elbereth's name. You never violated your personal moral code. Dungeon overview: The Dungeons of Doom: levels 1 to 8 Level 1 a long staircase Level 2 some fountains Level 3 an altar to Anu a long staircase Level 4 a fountain Level 5 Level 6 some fountains Level 7 a fountain Level 8 <- You were here History has recorded: On T:1 you entered the Dungeons of Doom to retrieve the Amulet of Yendor! On T:282 you reached level 2 of The Dungeons of Doom. On T:379 you advanced to experience level 2. On T:645 you reached level 3 of The Dungeons of Doom. On T:768 you advanced to experience level 3. On T:814 you reached level 4 of The Dungeons of Doom. On T:949 you reached level 5 of The Dungeons of Doom. On T:1236 you reached level 6 of The Dungeons of Doom. On T:1286 you advanced to experience level 4. On T:1641 you reached level 7 of The Dungeons of Doom. On T:2169 you advanced to experience level 5. On T:2717 you reached level 8 of The Dungeons of Doom. Score breakdown: Gold: 423 ( 8937 points) Experience: 5 levels (11141 points) Exploration: 8 levels ( 15.69%) (11224 points) Discoveries: 5 items ( 1.74%) ( 3959 points) Valuables value: (no points given unless you survive) Artifact value: 0 ( 0 points) Variety of kills: 30 monsters ( 7.87%) ( 8418 points) Turncount: 2854 turns ( -526 points) Survival: died (score multiplied by 80%) Total score: 34522 Latest messages: You hear some noises in the distance. Calvin II is splashed by its acid! You see a message scrawled in blood here. You read: "M?ney ?o in??st? akc i? tc the oc?l branch of th ??g?c Memo?y /au t!". The giant ant misses Lulu. The giant ant bites Lulu. You displace Calvin II. You are now wearing a tiger eye ring. The giant ant bites! (4x) The giant ant bites Lulu. You hit the giant ant! The giant ant bites! (2x) The giant ant misses Lulu. You fail to cast the spell correctly. The giant ant bites! (4x) You miss the giant ant. The giant ant bites! (3x) You miss the giant ant. The giant ant bites! (2x) You die... Final status: Goodbye Introsp3ctive the Priestess, killed by a giant ant... You died in The Dungeons of Doom on dungeon level 8 with 34522 points, and 423 pieces of gold, after 2854 moves. You were level 5 with a maximum of 32 hit points when you died.